 Dungeon Crawl Stone Soup version 0.18-a0-514-ga7d9996 (webtiles) character file.

371 MrRokkomies the Conjurer (level 6, -3/36 HPs)
             Began as an Octopode Conjurer on Dec 3, 2015.
             Slain by a scorpion (6 damage)
             ... on level 4 of the Dungeon.
             The game lasted 00:11:23 (3952 turns).

MrRokkomies the Conjurer (Octopode Conjurer)        Turns: 3952, Time: 00:11:23

Health: -3/36      AC:  1    Str:  8    XL:     6   Next: 71%
Magic:  1/9        EV: 12    Int: 19    God:
Gold:   198        SH:  0    Dex: 12    Spells: 3 memorised, 3 levels left

rFire  . . .     SeeInvis .     c - +0 short sword
rCold  . . .     Clarity  .     (no shield)
rNeg   . . .     SustAt   .     (helmet restricted)
rPois  .         Gourm    .     g - amulet of faith
rElec  .         Spirit   .     (no ring)
rCorr  .         Dismiss  .     (no ring)
rMut   .         Stasis   .     (no ring)
MR     .....                    (no ring)
Stlth  ++++......               (no ring)
                                (no ring)
                                (no ring)
                                (no ring)

@: lethally poisoned (-3 -> -15), not resistant to hostile enchantments,
stealthy
A: almost no armour, amphibious, 8 rings, constrict 8, camouflage 1, gelatinous
body 1
a: no special abilities


You were on level 4 of the Dungeon.
You were hungry.

You visited 1 branch of the dungeon, and saw 4 of its levels.

You collected 198 gold pieces.

Inventory:

Hand Weapons
 c - a +0 short sword (weapon)
Missiles
 n - 19 poisoned needles
Jewellery
 g - an amulet of faith (around mantle)
Wands
 i - a wand of slowing (30)
 j - a wand of teleportation (9)
Scrolls
 f - a scroll of identify
 o - 2 scrolls of teleportation
Potions
 d - 2 potions of brilliance
 e - a potion of ambrosia
 k - 2 potions of curing
 l - 3 potions of haste
 m - a potion of might
Books
 a - a book of Conjurations

   Spells                             Type                      Level
   a - Magic Dart                     Conjuration                  1
   b - Searing Ray                    Conjuration                  2
   c - Dazzling Spray                 Conjuration/Hexes            3
   d - Fulminant Prism                Conjuration/Hexes            4
   e - Iskenderun's Mystic Blast      Conjuration                  4
   f - Iskenderun's Battlesphere      Conjuration/Charms           5
 q - a book of Death

   Spells                             Type                      Level
   a - Corpse Rot                     Necromancy                   2
   b - Sublimation of Blood           Necromancy                   2
   c - Agony                          Necromancy                   5
   d - Dispel Undead                  Necromancy                   5
   e - Excruciating Wounds            Charms/Necromancy            5
   f - Bolt of Draining               Conjuration/Necromancy       5
Comestibles
 b - 3 bread rations
 h - a beef jerky
 r - 4 fruits


   Skills:
 - Level 2.0 Dodging
 - Level 5.3 Stealth
 - Level 2.0 Spellcasting
 * Level 7.1 Conjurations


You had 3 spell levels left.
You knew the following spells:

 Your Spells              Type           Power        Failure   Level  Hunger
a - Magic Dart            Conj           ####         1%          1    #......
b - Searing Ray           Conj           ####..       1%          2    ###....
c - Dazzling Spray        Conj/Hex       ###.....     12%         3    ###....


Dungeon Overview and Level Annotations

Branches:
Dungeon (4/15)
 Temple: D:4-7

Altars:

Annotations:
D:4 Edmund


Innate Abilities, Weirdness & Mutations

You cannot wear most types of armour.
You are amphibious.
You can wear up to eight rings at the same time.
You can use your tentacles to constrict eight enemies at once.
Your skin changes colour to match your surroundings (Stealth).
Your rubbery body absorbs attacks (AC +1).


Message History

You feel sick. The scorpion stings you.
The searing ray hits the scorpion.
The scorpion is heavily wounded.
The scorpion barely misses you.
The searing ray hits the scorpion.
The scorpion is severely wounded.
You feel sick. The scorpion stings you.
You are lethally poisoned!
The scorpion poisons you!
You closely miss the scorpion. Your grab misses the scorpion.
The scorpion is severely wounded.
You hear the rapid rusting of a distant drain.
You feel sick. The scorpion stings you!
* * * LOW HITPOINT WARNING * * *
You hit the scorpion. You grab the scorpion.
The scorpion is severely wounded.
You constrict the scorpion, but do no damage.
* * * LOW HITPOINT WARNING * * *
You feel sick. The scorpion stings you.
You die...

######.........#
...............#
...###......####
...##....##.#
...##....##.######
...##....##......######
...##....######.......#
...)................#.#
....#....######.@##.#.#
##..#....# #.s##.#.#
##.#....# #..##.#.#
#.#....#
####..##.#.#####
#......#
#.....##.#.....#
#..#.###
#.###.##.#.###.#
#....### #.#...##.#.. #
#.#....# #.#.####.###
#.#.>..# #.#†#


You could see a scorpion.

Vanquished Creatures
  An ogre (D:4)
  2 scorpions (D:4)
  Ijyb (D:2)
  An orc wizard (D:3)
  A worker ant (D:4)
  A gnoll (D:4)
  2 adders (D:3)
  An ooze (D:4)
  A worm (D:3)
  6 giant geckos
  6 orcs (D:3)
  5 bats
  8 goblins
  7 hobgoblins
  13 jackals
  2 ball pythons (D:4)
  5 giant cockroaches (D:1)
  4 giant newts
  8 kobolds
  A quokka skeleton (D:4)
  7 rats
83 creatures vanquished.

Notes
Turn   | Place    | Note
--------------------------------------------------------------
     0 | D:1      | MrRokkomies the Octopode Conjurer began the quest for the Orb.
     0 | D:1      | Reached XP level 1. HP: 11/11 MP: 3/3
   100 | D:1      | Reached XP level 2. HP: 12/17 MP: 3/5
   374 | D:1      | Reached XP level 3. HP: 1/21 MP: 2/6
   671 | D:1      | Learned a level 2 spell: Searing Ray
   675 | D:1      | Learned a level 3 spell: Dazzling Spray
  1200 | D:2      | Noticed Ijyb
  1213 | D:2      | Killed Ijyb
  1213 | D:2      | Reached skill level 5 in Conjurations
  1213 | D:2      | Reached XP level 4. HP: 7/27 MP: 0/7
  3109 | D:3      | Reached XP level 5. HP: 21/31 MP: 3/8
  3347 | D:3      | Reached skill level 5 in Stealth
  3783 | D:4      | Reached skill level 6 in Conjurations
  3783 | D:4      | Reached XP level 6. HP: 36/36 MP: 2/9
  3890 | D:4      | Reached skill level 7 in Conjurations
  3937 | D:4      | Noticed Edmund
  3952 | D:4      | Slain by a scorpion

Vault maps used:
D:1:      dpeg_arrival_pits, serial_curves, eino_curves_03, eino_curves_02
D:2:      kennysheep_pointless_box, uniq_iyjb
D:3:      first_bread, grunt_ministairs_5, kennysheep_generic_room_7
D:4:      minmay_temple_entry_statues_pillars, portal_sewer_entry_a, uniq_edmund

Action                   |  1- 3 |  4- 6 || total
-------------------------+-------+-------++-------
Melee: Unarmed           |    12 |       ||    12
       Short sword       |    41 |    44 ||    85
       Whip              |     9 |    50 ||    59
 Cast: Magic Dart        |    33 |    40 ||    73
       Searing Ray       |     1 |     5 ||     6
Evoke: Wand              |       |     2 ||     2
  Use: Scroll            |     3 |     5 ||     8
       Potion            |     1 |     3 ||     4
 Stab: Sleeping          |     1 |     7 ||     8
  Eat: Chunk             |     1 |     6 ||     7
       Beef jerky        |       |     2 ||     2
